 Dungeon Crawl Stone Soup version 0.25-a0-1119-g28b6fd0c3b (webtiles) character file.

Game seed: 16736528620021725649, levelgen mode: deterministic

230 MisterFreud the Slasher (level 6, 0/43 HPs)
             Began as an Octopode Gladiator on May 18, 2020.
             Slain by a sky beast (5 damage)
             ... on level 4 of the Dungeon.
             The game lasted 00:03:35 (3054 turns).

MisterFreud the Slasher (Octopode Gladiator)        Turns: 3054, Time: 00:03:36

Health: 0/43       AC:  1    Str: 13    XL:     6   Next: 3%
Magic:  6/6        EV: 14    Int: 12    God:
Gold:   149        SH:  0    Dex: 14    Spells: 5/5 levels left

rFire    . . .     SeeInvis .   a - +0 long sword
rCold    . . .     Gourm    .   (no shield)
rNeg     . . .     Faith    .   b - +0 hat
rPois    .         Spirit   .   v - amulet of the acrobat
rElec    .         Reflect  .   (no ring)
rCorr    .         Harm     .   (no ring)
MR       .....                  (no ring)
Stlth    ++........             (no ring)
HPRegen  0.14/turn              (no ring)
MPRegen  0.10/turn              (no ring)
                                (no ring)
                                (no ring)

@: no status effects
A: almost no armour, stealthy swim, amphibious, 8 rings, constrict 8, camouflage
1, gelatinous body 1
a: no special abilities


You were on level 4 of the Dungeon.
You were hungry.

You visited 1 branch of the dungeon, and saw 4 of its levels.

You collected 149 gold pieces.

Inventory:

Hand Weapons
 a - a +0 long sword (weapon)
Missiles
 c - 4 throwing nets (quivered)
 e - 47 stones
 j - 22 bolts
 p - 36 poisoned darts
 r - 27 sling bullets
Armour
 b - a +0 hat (worn)
Jewellery
 v - an amulet of the acrobat (around mantle)
Wands
 y - a wand of polymorph (10)
Scrolls
 f - 4 scrolls of remove curse {unknown}
 g - a scroll of random uselessness {unknown}
 k - 3 scrolls of identify {unknown}
 m - 2 scrolls of amnesia {unknown}
 q - a scroll of noise {unknown}
 t - 3 scrolls of teleportation {unknown}
 w - a scroll of immolation {unknown}
Potions
 h - 3 potions of brilliance {unknown}
 i - 3 potions of cancellation {unknown}
 l - a potion of flight {unknown}
 n - 2 potions of haste {unknown}
 o - a potion of might {unknown}
 u - 5 potions of curing {unknown}
 x - a potion of stabbing {unknown}
Comestibles
 d - 9 rations
 s - a chunk of flesh


   Skills:
 - Level 4.0 Fighting
 + Level 5.4 Long Blades
 - Level 2.0 Throwing
 - Level 3.0 Dodging


You had 5 spell levels left.
You didn't know any spells.
Your spell library was empty.

Dungeon Overview and Level Annotations

Branches:
Dungeon (4/15)
 Temple: D:4-7

Altars:

Annotations:
D:3 2 runed translucent doors, bmj180's ghost, amateur DrCj


Innate Abilities, Weirdness & Mutations

You cannot wear most types of armour.
You are very stealthy in the water. (Stealth+)
You are amphibious.
You can wear up to eight rings at the same time.
You can use your tentacles to constrict eight enemies at once.
Your skin changes colour to match your surroundings (Stealth+).
Your rubbery body absorbs attacks. (AC +1, EV +1)


Message History

The sky beast is lightly wounded.
The sky beast hits you but does no damage.
You barely miss the sky beast.
The sky beast is lightly wounded.
The sky beast flickers out of sight!
Deactivating autopickup; reactivate with Ctrl-A.
Something hits you. Something shocks you.
No target in view!
No target in view!
You miss something. You squeeze something. Something hits you.
Something shocks you. Something hits you. Something shocks you.
* * * LOW HITPOINT WARNING * * *
You miss something. Something hits you.
* * * LOW HITPOINT WARNING * * *
Something shocks you.
* * * LOW HITPOINT WARNING * * *
You barely miss something. Something hits you.
* * * LOW HITPOINT WARNING * * *
Something shocks you.
You die...

#...# #..... #...#
##...$.. # #...#
$!...... # #.#
####.).####.#.....##.#
#..
..<..{..>...#......#.#
###
.....................
# ............## #..#
# ##.#....###.#####{.#
# #)#....# #.....@..#
### # #.#....#
########.###.## #
#.#....# #.##.#.## #
#......# #.#.###.## #
####.### #..## ##.# #
... ###.###.## # #.#
##.#.######### #.#
##.####......
#......#####


There were no monsters in sight!

Vanquished Creatures
  An orc priest (D:3)
  An orc wizard (D:3)
  Jessica (D:2)
  A worker ant (D:4)
  2 adders (D:3)
  An ooze (D:2)
  4 worms
  4 dart slugs
  6 leopard geckos
  10 orcs (D:3)
  A ball python (D:3)
  8 giant cockroaches
  5 hobgoblins
  5 kobolds
  8 bats
  4 frilled lizards
  2 goblins
  6 rats
70 creatures vanquished.

Notes
Turn   | Place    | Note
-------+----------+-------------------------------------------
     0 | D:1      | MisterFreud the Octopode Gladiator began the quest for the
                  | Orb.
     0 | D:1      | Reached XP level 1. HP: 14/14 MP: 1/1
   246 | D:1      | Reached XP level 2. HP: 20/20 MP: 2/2
   583 | D:1      | Reached XP level 3. HP: 26/26 MP: 3/3
  1599 | D:2      | Noticed Jessica
  1606 | D:2      | Killed Jessica
  1606 | D:2      | Reached XP level 4. HP: 33/33 MP: 4/4
  1943 | D:3      | Reached skill level 4 in Long Blades
  2172 | D:3      | Reached XP level 5. HP: 18/37 MP: 5/5
  2662 | D:3      | Found a large runed translucent door.
  2667 | D:3      | Found a large runed translucent door.
  2741 | D:3      | Reached skill level 5 in Long Blades
  2900 | D:3      | Noticed bmj180's ghost (amateur DrCj)
  2953 | D:4      | Noticed a sky beast
  3037 | D:4      | Reached XP level 6. HP: 31/43 MP: 6/6
  3054 | D:4      | Slain by a sky beast

Illustrated notes

Levels and vault maps discovered:
D:1:      elethiomel_arrival_shortcut, layout_basic, minmay_pentomino_o2
D:2:      layout_basic, uniq_jessica
D:3:      layout_basic, ebering_ghost_disaster_area, minmay_crystal_room
D:4:      layout_loops_cross, overflow_temple_1_default, first_ration,
          uniq_natasha, uniq_sigmund

Skill      XL: |  1  2  3  4  5 |
---------------+----------------+-----
Fighting       | 3 4 |  4.0
Long Blades    | 4 5 |  5.4
Throwing       | |  2.0
Dodging        | |  3.0

Action                   |  1- 3 |  4- 6 || total
-------------------------+-------+-------++-------
Melee: Long sword        |    48 |    63 ||   111
       Constrict         |    12 |    18 ||    30
       Tentacles         |     9 |    14 ||    23
 Stab: Sleeping          |     7 |     2 ||     9
       Distracted        |       |     1 ||     1
  Eat: Chunk             |     1 |     5 ||     6
Armor: Skin              |     3 |     7 ||    10
Dodge: Dodged            |    24 |    53 ||    77
       Rpst.: Long sword |     7 |    18 ||    25

Table legend:
 A = Non-vault XP
 B = Vault XP
 C = Vault XP percentage of total XP
 D = Non-vault monster count
 E = Vault monster count
 F = Vault count percentage of total count
                 A         B        C        D         E       F
            +---------+---------+-------+---------+---------+-------
      Total |     290 |      39 |  11.9 |      67 |       3 |   4.3
            +---------+---------+-------+---------+---------+-------
        D:1 |      42 |       2 |   4.5 |      23 |       2 |   8.0
        D:2 |      23 |      37 |  61.7 |       8 |       1 |  11.1
        D:3 |     187 |       0 |   0.0 |      33 |       0 |   0.0
        D:4 |      38 |       0 |   0.0 |       3 |       0 |   0.0
            +---------+---------+-------+---------+---------+-------
